 Dungeon Crawl Stone Soup version 0.30-a0-6-g7c9e10e132 (webtiles) character file.

Game seed: 4105791287427468815

177 SensoryNuts the Chopper (level 5, -7/46 HPs)
             Began as a Hill Orc Fighter on Aug 22, 2022.
             Killed from afar by Grinder (19 damage)
             ... with a bolt of light
             ... on level 3 of the Dungeon.
             The game lasted 00:01:38 (1920 turns).

SensoryNuts the Chopper (Hill Orc Fighter)          Turns: 1920, Time: 00:01:38

Health: -7/46      AC:  9    Str: 21    XL:     5   Next: 57%
Magic:  5/5        EV:  9    Int:  8    God:
Gold:   101        SH:  0    Dex: 10    Spells: 4/4 levels left

rFire   . . .      SeeInvis .    a - +0 war axe
rCold   . . .      Faith    .    c - +0 buckler
rNeg    . . .      Spirit   .    b - +0 scale mail
rPois   .          Reflect  .    (no helmet)
rElec   .          Harm     .    h - +0 cloak
rCorr   .          Rampage  .    i - +0 pair of gloves
Will    .....                    (no boots)
Stlth   ..........               (no amulet)
HPRegen 0.15/turn                (no ring)
MPRegen 0.09/turn                (no ring)

@: confused, hasted, very quick
A: no striking features
a: no special abilities


You were on level 3 of the Dungeon.
You visited 1 branch of the dungeon, and saw 3 of its levels.

You collected 101 gold pieces.

Inventory:

Hand Weapons
 a - a +0 war axe (weapon)
Missiles
 r - a throwing net (quivered)
Armour
 b - a +0 scale mail (worn)
 c - a +0 buckler (worn)
 h - a +0 cloak (worn)
 i - a +0 pair of gloves (worn)
Wands
 p - a wand of polymorph (6)
Scrolls
 f - a scroll of brand weapon {unknown}
 g - 2 scrolls of identify {unknown}
 j - a scroll of enchant weapon {unknown}
 k - 2 scrolls of fog {unknown}
 m - a scroll of vulnerability {unknown}
 q - a scroll of immolation {unknown}
Potions
 l - a potion of ambrosia {unknown}
 n - 3 potions of invisibility {unknown}
 o - a potion of flight {unknown}


   Skills:
 + Level 4.2 Fighting
 * Level 5.2 Axes
 + Level 4.3 Armour
 + Level 0.4 Dodging
 + Level 4.0 Shields


You had 4 spell levels left.
You didn't know any spells.
Your spell library contained the following spells:

 Spells                   Type           Power      Damage    Failure   Level
 Beastly Appendage        Tmut           0%         N/A       83%         1
 Wereblood                Tmut           0%         N/A       92%         2
 Spider Form              Tmut/Pois      0%         N/A       99%         3
 Tukima's Dance           Hex            0%         N/A       99%         3
 Passage of Golubria      Tloc           0%         N/A       100%        4
 Yara's Violent Unravell  Hex/Tmut       0%         3d3       100%        5
 Malign Gateway           Summ/Tloc      0%         N/A       100%        7
 Summon Horrible Things   Summ           0%         N/A       100%        8


Dungeon Overview and Level Annotations

Branches:
Dungeon (3/15)

Altars:
Ashenzari

Annotations:
D:3 Grinder


Message History

Grinder says, "DUCK!"
Grinder is nearby!
Found a scroll labelled ENUDENK AJUSER.
Grinder zaps a wand.
The bolt of light hits you!
Grinder zaps a wand.
The bolt of light hits you!
You are too injured to fight recklessly!
You are too injured to fight recklessly!
You are too injured to fight recklessly!
You are too injured to fight recklessly!
You are too injured to fight recklessly!
You are too injured to fight recklessly!
You are too injured to fight recklessly!
You are too injured to fight recklessly!
You are too injured to fight recklessly!
You are too injured to fight recklessly!
You are too injured to fight recklessly!
You are too injured to fight recklessly!
You are too injured to fight recklessly!
You are too injured to fight recklessly!
You are too injured to fight recklessly!
Unknown command.
It was a potion of curing.
You feel better.
Unknown command.
It was a potion of haste.
You feel yourself speed up. Grinder closely misses you.
You hit Grinder.
Grinder is lightly wounded.
You closely miss Grinder.
Grinder is lightly wounded.
Grinder zaps a wand.
The bolt of light misses you.
You closely miss Grinder.
Grinder is lightly wounded.
Grinder zaps a wand.
The bolt of light hits you.
You are confused.
You bump into the rock wall.
Grinder gestures at you. Pain shoots through your body!
* * * LOW HITPOINT WARNING * * *
Grinder zaps a wand.
The bolt of light hits you!!
You die...

### #..# ... #.#
.## #..## ..## #.
#5.###...##
#..#.@.#....##
#...........##
###.#.#......#
+##. #.#.#......#
..#..
#.#..#######._.###
#?##.......#...#..
#..#......######..
#..#.....## #
#..#....##


You could see Grinder.

Vanquished Creatures
  A phantom (D:2)
  Robin (D:2)
  2 adders (D:2)
  2 dart slugs
  5 ball pythons
  6 bats
  5 endoplasms
  12 goblins
  8 hobgoblins
  4 jackals (D:2)
  4 kobolds (D:1)
  4 quokkas (D:1)
  3 frilled lizards (D:1)
  8 rats
65 creatures vanquished.

Notes
Turn   | Place    | Note
-------+----------+-------------------------------------------
     0 | D:1      | SensoryNuts the Hill Orc Fighter began the quest for the
                  | Orb.
     0 | D:1      | Reached XP level 1. HP: 19/19 MP: 1/1
    94 | D:1      | Reached XP level 2. HP: 24/27 MP: 2/2
   437 | D:1      | Reached skill level 3 in Axes
   536 | D:1      | Found a faded altar of an unknown god.
   582 | D:1      | Reached XP level 3. HP: 29/33 MP: 3/3
  1024 | D:2      | Noticed a phantom
  1044 | D:2      | Killed a phantom
  1045 | D:2      | Reached skill level 4 in Axes
  1045 | D:2      | Reached XP level 4. HP: 15/40 MP: 4/4
  1290 | D:2      | Reached XP level 5. HP: 46/46 MP: 5/5
  1290 | D:2      | Noticed Robin
  1317 | D:2      | Killed Robin
  1406 | D:2      | Reached skill level 5 in Axes
  1896 | D:3      | Found a broken altar of Ashenzari.
  1910 | D:3      | Noticed Grinder
  1920 | D:3      | Killed from afar by Grinder

Illustrated notes

Levels and vault maps discovered:
D:1:      lightli_molten_gateway, layout_rooms, nicolae_ecumenical_lake_church
D:2:      layout_basic, uniq_robin
D:3:      layout_rooms, nicolae_ashenzari_panopticon, uniq_ijyb, uniq_natasha,
          uniq_grinder

Skill      XL: |  1  2  3  4  5 |
---------------+----------------+-----
Axes           | 3 4 5 |  5.2
Fighting       | 4 |  4.2
Armour         | 4 |  4.3
Shields        | 4 |  4.0
Dodging        | |  0.4

Action                   |  1- 3 |  4- 6 || total
-------------------------+-------+-------++-------
Melee: War axe           |   135 |    78 ||   213
  Use: Potion            |     1 |     2 ||     3
Armor: Scale mail        |    89 |    29 ||   118
       Skin              |       |     2 ||     2
Dodge: Dodged            |    71 |    45 ||   116
Block: Buckler           |    43 |    13 ||    56

Table legend: (Time is in decaauts)
 A = Elapsed time spent in this place.
 B = Non-inter-level travel time spent in this place.
 C = Inter-level travel time spent in this place.
 D = Time resting spent in this place.
 E = Time spent auto-exploring this place.
 F = Levels seen in this place.
 G = Mean time per level.
                   A        B        C        D        E       F      G
               +--------+--------+--------+--------+--------+-----+--------+
         Total |   1994 |   1942 |     52 |     13 |   1468 |   3 |  664.7 |
       Dungeon |   1994 |   1942 |     52 |     13 |   1468 |   3 |  664.7 |
               +--------+--------+--------+--------+--------+-----+--------+

Top non-repeatable levels by time:
     D:1: 1042 daAuts
     D:2: 927 daAuts
     D:3: 25 daAuts
